 Dungeon Crawl Stone Soup version 0.17.1-1-g73c8601 (webtiles) character file.

4 Implojin the Shield-Bearer (level 1, -5/22 HPs)
             Began as a Troll Fighter on Apr 9, 2016.
             Killed by nerve-wracking pain
             ... invoked by an orc priest
              (12 damage)
             ... on level 4 of the Dungeon.
             The game lasted 00:00:55 (132 turns).

Implojin the Shield-Bearer (Troll Fighter)           Turns: 132, Time: 00:00:56

Health: -5/22      AC:  5    Str: 28    XL:     1   Next: 50%
Magic:  0/0        EV:  8    Int:  4    God:
Gold:   31         SH:  9    Dex:  9    Spells: 0 memorised, 0 levels left

rFire  . . .     SeeInvis .       - Unarmed
rCold  . . .     Clarity  .     a - +0 robe
rNeg   . . .     SustAt   .     b - +0 shield
rPois  +         Gourm    +     (helmet restricted)
rElec  .         Spirit   .     (no cloak)
rCorr  .         Warding  .     (gloves unavailable)
rMut   .         Stasis   .     (boots unavailable)
MR     .....                    (no amulet)
Stlth  +.........               (no ring)
                                f - ring of poison resistance

@: mighty, not resistant to hostile enchantments, very unstealthy
A: unfitting armour, claws 3, fast metabolism 3, gourmand, regeneration 2,
shaggy fur 1, tough skin 2
a: no special abilities


You were on level 4 of the Dungeon.
You were not hungry.

You visited 1 branch of the dungeon, and saw 4 of its levels.

You collected 31 gold pieces.

Inventory:

Armour
 a - a +0 robe (worn)
 b - a +0 shield (worn)
Jewellery
 f - a ring of poison resistance (left claw)
Potions
 c - a potion of might
 e - 2 potions of cancellation {unknown}
 g - a potion of poison {unknown}
 h - a potion of agility {unknown}
Comestibles
 d - 2 bread rations
 i - a beef jerky


   Skills:
 - Level 2.4 Fighting
 - Level 2.4 Dodging
 - Level 2.4 Shields
 * Level 2.4 Unarmed Combat


You couldn't memorise any spells.
You didn't know any spells.

Dungeon Overview and Level Annotations

Branches:
Dungeon (4/15)
 Temple: D:4-7

Altars:

Annotations:
D:4 Eustachio


Innate Abilities, Weirdness & Mutations

You are too large for most types of armour.
You have claws for hands.
Your metabolism is lightning-fast.
You like to eat raw meat.
You heal very quickly.
You are covered in fur (AC +1).
You have very tough skin (AC +2).


Message History

The quokka twitches its whiskers.
Eustachio casts a spell.
The quokka closely misses you.
Eustachio casts a spell.
The quokka bites you but does no damage.
Found a beef jerky.
You block the quokka's attack.
You see here a beef jerky.
i - a beef jerky The quokka barely misses you.
You open the door. You block the quokka's attack. The quokka barely misses you.
There is an open door here.
You open the door. 2 orcs come into view.
The orc shouts! x2
You block the quokka's attack.
An orc priest comes into view.
It is wielding a short sword. 2 orcs come into view.
The orc shouts! x2
The orc priest shouts!
The quokka barely misses you.
Found a green potion and 17 gold pieces.
There is an open door here.
Found a runed hunting sling.
The orc priest miscasts a cantrip.
The orc throws a tomahawk.
The tomahawk hits you.
You see here a tomahawk.
The orc priest mumbles some strange prayers to Beogh against you.
Something smites you!
Ouch! That really hurt!
* * * LOW HITPOINT WARNING * * *
Eustachio mumbles some strange words.
Eustachio blinks!
You block the quokka's attack.
Drink which item? (? for menu, Esc to quit)
You feel very mighty all of a sudden.
The orc priest mumbles some strange prayers to Beogh against you.
Pain shoots through your body!
Ouch! That really hurt!
You die...

....#+# #### #..#
.......# ##..###..#
.......# #........#
.......# #........#
.......# #....r...#
....!.######'####...##
#......##r.###...##
#..(5..#ยง..........
#.@ro.r'.........r.
#..oo..#...........
#..o...######+#####
....o.............##
..$................#.
)..................#.
....................#.
.....................#.
.......<##


You could see an orc priest, a quasit, a river rat, 4 orcs and a quokka.

Vanquished Creatures
  A giant gecko (D:3)
  2 kobolds (D:3)
  3 rats
6 creatures vanquished.

Notes
Turn   | Place    | Note
--------------------------------------------------------------
     0 | D:1      | Implojin the Troll Fighter began the quest for the Orb.
     0 | D:1      | Reached XP level 1. HP: 22/22 MP: 0/0
    79 | D:4      | Noticed Eustachio
   111 | D:4      | Noticed a quasit
   126 | D:4      | Noticed an orc priest
   132 | D:4      | Killed from afar by an orc priest

Action                   || total
-------------------------++-------
Melee: Unarmed           ||    18
  Use: Potion            ||     1
  Eat: Chunk             ||     1

Table legend:
 A = Turns spent in this place as a percentage of turns spent in the entire game.
 B = Non-inter-level travel turns spent in this place as a percentage of non-inter-level travel turns spent in the entire game.
 C = Inter-level travel turns spent in this place as a percentage of turns spent in this place.
 D = Turns resting spent in this place as a percentage of non-inter-level travel turns spent in this place.
 E = Turns spent auto-exploring this place as a percentage of non-inter-level travel turns spent in this place.
 F = Non-inter-level travel turns spent in this place divided by the number of levels of this place that you've seen.
                   A       B       C       D       E      F
               +-------+-------+-------+-------+-------+----------------------
         Total | 100.0 | 100.0 |   0.0 |   0.0 |   0.0 |  32.5
       Dungeon | 100.0 | 100.0 |   0.0 |   0.0 |   0.0 |  32.5
               +-------+-------+-------+-------+-------+----------------------

Table legend:
 A = Kills in this place as a percentage of kills in entire the game.
 B = Kills by you in this place as a percentage of kills by you in the entire game.
 C = Kills by friends in this place as a percentage of kills by friends in the entire game.
 D = Other kills in this place as a percentage of other kills in the entire game.
 E = Experience gained in this place as a percentage of experience gained in the entire game.
 F = Experience gained in this place divided by the number of levels of this place that you have seen.
                   A       B       C       D       E      F
               +-------+-------+-------+-------+-------+----------------------
         Total | 100.0 | 100.0 |  -nan |  -nan | 100.0 |   1.5
       Dungeon | 100.0 | 100.0 |  -nan |  -nan | 100.0 |   1.5
               +-------+-------+-------+-------+-------+----------------------
